 Dungeon Crawl Stone Soup version 0.24.0-125-gc4c63601f3 (webtiles) character file.

Game seed: 18075630463729606238, levelgen mode: deterministic

876 Kaiern the Archer (level 8, 54/54 HPs)
             Began as a Halfling Hunter on Mar 15, 2020.
             Quit the game on level 5 of the Dungeon.
             The game lasted 00:37:56 (4547 turns).

Kaiern the Archer (Halfling Hunter)                 Turns: 4547, Time: 00:37:56

Health: 54/54      AC:  8    Str: 14    XL:     8   Next: 25%
Magic:  17/17      EV: 16    Int:  9    God:
Gold:   136        SH:  0    Dex: 16    Spells: 7/7 levels left

rFire    . . .     SeeInvis .   B - +2 short sword (venom)
rCold    . . .     Gourm    .   (shield restricted)
rNeg     . . .     Faith    .   c - +1 leather armour
rPois    +         Spirit   .   A - +0 helmet
rElec    .         Reflect  .   (no cloak)
rCorr    .         Harm     .   l - +2 pair of gloves {archery}
MR       .....                  (no boots)
Stlth    ++........             (no amulet)
HPRegen  0.18/turn              p - ring of magical power
MPRegen  0.15/turn              t - ring of poison resistance

@: no status effects
A: small, mutation resistance 1
a: no special abilities


You were on level 5 of the Dungeon.
You were not hungry.

You visited 1 branch of the dungeon, and saw 5 of its levels.

You collected 136 gold pieces.

Inventory:

Hand Weapons
 a - a +2 shortbow
 B - a +2 short sword of venom (weapon)
Missiles
 d - 38 arrows
 z - 10 poisoned darts (quivered)
Armour
 c - a +1 leather armour (worn)
 l - a +2 pair of gloves of archery (worn)
 r - a +0 leather armour
 u - a -2 helmet
 A - a +0 helmet (worn)
Jewellery
 j - an uncursed ring of stealth {unknown}
 p - a ring of magical power (left hand)
 t - a ring of poison resistance (right hand)
 y - a cursed ring of teleportation {unknown}
 C - an uncursed ring of fire
 D - an uncursed ring of protection from cold {unknown}
Wands
 m - a wand of disintegration (33)
 o - a wand of digging (6)
Scrolls
 b - a scroll of magic mapping {unknown}
 g - a scroll of remove curse
 i - 4 scrolls of identify
 n - 2 scrolls of teleportation
 w - a scroll of silence {unknown}
 x - a scroll of vulnerability {unknown}
Potions
 e - 3 potions of curing {unknown}
 h - 3 potions of degeneration {unknown}
 k - 3 potions of heal wounds
 q - 4 potions of flight {unknown}
 s - a potion of might {unknown}
 v - a potion of haste {unknown}
Comestibles
 f - 9 rations


   Skills:
 + Level 3.8 Fighting
 + Level 1.5 Short Blades
 + Level 8.5 Bows
 + Level 1.4 Throwing
 + Level 2.4 Armour
 + Level 3.3 Dodging
 + Level 1.3 Stealth


You had 7 spell levels left.
You didn't know any spells.
Your spell library was empty.

Dungeon Overview and Level Annotations

Branches:
Dungeon (5/15)
 Temple: D:4-7

Altars:

Shops:
D:4 (


Innate Abilities, Weirdness & Mutations

You are small and have problems with some larger weapons.
You are somewhat resistant to further mutation.


Message History

Things that are here:
a +1 flail of protection; an orc corpse
Things that are here:
a +0 club; a +0 leather armour; an orc corpse The phantom blinks!
The phantom blinks!
The phantom hits you.
The phantom blinks!
Things that are here:
a +0 club; a +0 leather armour; an orc corpse
Things that are here:
a +1 flail of protection; an orc corpse
Things that are here:
a +0 dagger; a +0 leather armour The phantom blinks!
You start resting.
HP restored.
Found a blackened wooden ring.
Found a stone staircase leading up.
y - a blackened wooden ring
There is a stone staircase leading up here.
Are you sure you want to abandon this character and quit the game? (Confirm with "yes".)

###### #.@.<# #### ###
#.#### ... .. #.# .. .
######.####### ##.#####
#............# ...#..<.
#............######.....
#............##...'.....
#............##.###...).
#............##)# #.....


There were no monsters in sight!

Vanquished Creatures
  Sigmund (D:2)
  A big kobold (D:4)
  A hound (D:5)
  An orc priest (D:5)
  5 orc wizards
  An iguana (D:4)
  4 worker ants
  2 howler monkey zombies (D:3)
  A worker ant zombie (D:3)
  Robin (D:1)
  3 gnolls (D:4)
  10 adders
  A howler monkey skeleton (D:3)
  2 oozes
  An adder zombie (D:3)
  An adder skeleton (D:5)
  4 worms
  A dart slug (D:1)
  6 leopard geckos
  9 orcs
  A ball python (D:1)
  3 bats
  3 giant cockroaches
  21 goblins
  14 hobgoblins
  7 jackals (D:1)
  9 kobolds
  3 quokkas
  A ball python skeleton (D:4)
  6 frilled lizards
  3 leopard gecko skeletons (D:3)
  A leopard gecko zombie (D:3)
  2 quokka zombies
  10 rats
  A withered plant (D:3)
141 creatures vanquished.

Notes
Turn   | Place    | Note
-------+----------+-------------------------------------------
     0 | D:1      | Kaiern the Halfling Hunter began the quest for the Orb.
     0 | D:1      | Reached XP level 1. HP: 14/14 MP: 1/1
    89 | D:1      | Reached XP level 2. HP: 19/19 MP: 2/2
   138 | D:1      | Reached skill level 5 in Bows
   343 | D:1      | Reached XP level 3. HP: 20/24 MP: 3/3
   723 | D:2      | Noticed Robin
   753 | D:1      | Reached XP level 4. HP: 16/29 MP: 4/4
   922 | D:2      | Noticed Sigmund
  1054 | D:1      | Killed Robin
  1054 | D:1      | Reached XP level 5. HP: 13/34 MP: 5/5
  1256 | D:2      | Reached skill level 6 in Bows
  1274 | D:2      | Reached skill level 1 in Armour
  1979 | D:3      | Reached XP level 6. HP: 40/41 MP: 6/6
  2914 | D:4      | Reached skill level 7 in Bows
  2946 | D:4      | Found Gile's Antique Weapon Shop.
  2987 | D:4      | Reached XP level 7. HP: 46/46 MP: 7/7
  3549 | D:2      | Killed Sigmund
  3549 | D:2      | Reached skill level 1 in Short Blades
  3549 | D:2      | Reached skill level 8 in Bows
  4119 | D:5      | Entered Level 5 of the Dungeon
  4190 | D:5      | Reached XP level 8. HP: 45/54 MP: 8/8
  4344 | D:5      | Reached skill level 1 in Throwing
  4547 | D:5      | Quit the game

Levels and vault maps discovered:
D:1:      minmay_arrival_up_and_down, layout_rooms
D:2:      layout_basic, uniq_robin, uniq_sigmund
D:3:      layout_basic, first_ration, serial_undead, serial_undead_e,
          serial_undead_e, serial_undead_d, serial_undead_e, serial_undead_e,
          serial_undead_e, serial_undead_f, chequers_serial_rivers_small_b,
          minmay_close_crescents
D:4:      layout_rooms, serial_shops, shop, lexackson_kobold_supper
D:5:      layout_basic, kennysheep_little_box, minmay_temple_entry_hall,
          basic_altar

Skill      XL: |  1  2  3  4  5  6  7  8 |
---------------+-------------------------+-----
Bows           | 5 6 7 8 |  8.5
Fighting       | 2 3 |  3.8
Armour         | 1 2 |  2.4
Short Blades   | 1 |  1.5
Dodging        | 3 |  3.3
Throwing       | 1 |  1.4
Stealth        | |  1.3

Action                   |  1- 3 |  4- 6 |  7- 9 || total
-------------------------+-------+-------+-------++-------
Melee: Short sword       |    34 |    44 |    38 ||   116
 Fire: Shortbow          |    66 |   203 |    61 ||   330
Throw: Dart              |       |       |     9 ||     9
  Use: Scroll            |       |       |     8 ||     8
  Eat: Ration            |       |     2 |     1 ||     3
       Chunk             |       |     1 |       ||     1
Armor: Leather armour    |    14 |    42 |    12 ||    68
Dodge: Dodged            |    58 |   111 |    37 ||   206
